 Dungeon Crawl Stone Soup version 0.26.0-10-g1f06aea511 (webtiles) character file.

Game seed: 11044438401638665484

7963 Goblin1989 the Grappler (level 11, -1/95 HPs)
             Began as a Ghoul Fighter on Jan 24, 2021.
             Was an Initiate of Gozag.
             Slain by a six-headed hydra (12 damage)
             ... on level 11 of the Dungeon.
             The game lasted 00:18:02 (11547 turns).

Goblin1989 the Grappler (Ghoul Fighter)            Turns: 11547, Time: 00:18:03

Health: -1/95      AC: 13    Str: 24    XL:     11   Next: 23%
Magic:  10/10      EV:  6    Int:  3    God:    Gozag
Gold:   2357       SH: 16    Dex:  8    Spells: 10/10 levels left

rFire    . . .     SeeInvis .     - Unarmed
rCold    + + .     Faith    .   X - +0 tower shield "Kaecig" {-Cast +Inv rPois}
rNeg     + + +     Spirit   .   a - +0 scale mail
rPois    ∞         Reflect  .   p - +1 helmet
rElec    .         Harm     .   (no cloak)
rCorr    .         Rampage  .   r - +2 pair of gloves
Will     .....     NoCast   +   (no boots)
Stlth    ..........             (no amulet)
HPRegen  0.00/turn              c - ring of protection from cold
MPRegen  0.12/turn              (no ring)

@: no status effects
A: claws 1, cold resistance 1, negative energy resistance 3, inhibited
regeneration, torment resistance, unbreathing
a: Renounce Religion, Evoke Invisibility, Potion Petition, Call Merchant, Bribe
Branch


You were on level 11 of the Dungeon.
You worshipped Gozag.
Gozag was most pleased with you.
You visited 1 branch of the dungeon, and saw 11 of its levels.

You collected 2496 gold pieces.
You spent 132 gold pieces at shops.
You paid 7 gold pieces to Gozag.

Inventory:

Missiles
 k - 10 javelins {@Q2}
 s - 22 boomerangs (quivered)
 I - 19 poisoned darts
 N - 6 boomerangs of dispersal
 Z - a throwing net {!d , @Q1}
Armour
 a - a +0 scale mail (worn)
 p - a +1 helmet (worn)
 r - a +2 pair of gloves (worn)
 X - the +0 tower shield "Kaecig" (worn) {-Cast +Inv rPois}
   (You found it on level 6 of the Dungeon)

   It protects you from poison.
   It lets you turn invisible.
   It prevents spellcasting.
Jewellery
 c - a ring of protection from cold (left hand)
Wands
 q - a wand of iceblast (6) {@v4}
 J - a wand of acid (9) {@v2}
 L - a wand of digging (4) {@v1}
 P - a wand of paralysis (15) {@v7}
 U - a wand of flame (32) {@v6}
Scrolls
 f - 8 scrolls of remove curse {@r3}
 i - 2 scrolls of enchant armour
 n - 3 scrolls of amnesia
 u - 2 scrolls of noise {unknown}
 K - 2 scrolls of fog {unknown}
 R - 6 scrolls of identify {@r1}
 T - 2 scrolls of teleportation {!r, @r2}
 V - 2 scrolls of fear {unknown}
 Y - a scroll of immolation {unknown}
Potions
 d - 5 potions of flight
 h - a potion of ambrosia
 j - 4 potions of heal wounds {@q2}
 l - 2 potions of resistance {@q6}
 o - 2 potions of cancellation
 O - 2 potions of magic
 Q - 2 potions of might {@q4}
 S - 6 potions of curing {@q1}
 W - a potion of brilliance
Miscellaneous
 H - a phial of floods


   Skills:
 + Level 8.3 Fighting
 + Level 3.5 Throwing
 + Level 7.0 Armour
 + Level 7.0 Shields
 * Level 11.0 Unarmed Combat
 + Level 4.7 Evocations


You had 10 spell levels left.
You didn't know any spells.
Your spell library contained the following spells:

 Spells                   Type           Power        Failure   Level
 Corona                   Hex            0%           100%        1
 Sting                    Tmut/Pois      0%           100%        1
 Summon Small Mammal      Summ           0%           100%        1
 Call Imp                 Summ           0%           100%        2
 Poisonous Vapours        Pois/Air       0%           100%        2
 Slow                     Hex            0%           100%        2
 Call Canine Familiar     Summ           0%           100%        3
 Ignite Poison            Fire/Tmut/Pois 0%           100%        3
 Inner Flame              Hex/Fire       0%           100%        3
 Mephitic Cloud           Conj/Pois/Air  0%           100%        3
 Portal Projectile        Hex/Tloc       0%           100%        3
 Summon Guardian Golem    Hex/Summ       0%           100%        3
 Cause Fear               Hex            0%           100%        4
 Leda's Liquefaction      Hex/Erth       0%           100%        4
 Olgreb's Toxic Radiance  Pois           0%           100%        4
 Summon Ice Beast         Ice/Summ       0%           100%        4
 Summon Lightning Spire   Summ/Air       0%           100%        4


Dungeon Overview and Level Annotations

Branches:
Dungeon (11/15)            Temple (0/1) D:7            Lair (0/6) D:11
    Orc (0/2) D:9

Altars:
Ashenzari
Gozag
Hepliaklqana
Kikubaaqudgha
Makhleb
Okawaru
Ru
Sif Muna
Trog
Vehumet
Xom
Yredelemnul
Zin
The Shining One
Beogh

Shops:
D:4 *

Annotations:
D:7 1 runed translucent door, Arzdou's ghost, novice HOFi


Innate Abilities, Weirdness & Mutations

You thrive by killing the living.
You are immune to poison.
You have sharp fingernails.
Your flesh is cold resistant. (rC+)
You are immune to negative energy. (rN+++)
You do not regenerate when monsters are visible.
You are immune to unholy pain and torment.
You can survive without breathing.


Message History

You kill the orc!
You pummel the orc!!
You kill the orc!
The six-headed hydra becomes distracted by the nearby gold, dreaming of imaginary riches.
Items here: $ ))) [[.
The six-headed hydra roars!
You punch the six-headed hydra!
The six-headed hydra is no longer distracted by gold.
The six-headed hydra is lightly wounded.
You block the six-headed hydra's attack.
The six-headed hydra bites you.
The six-headed hydra completely misses you.
The six-headed hydra bites you but does no damage.
You block the six-headed hydra's attack.
The six-headed hydra barely misses you.
The orc becomes distracted by the nearby gold, dreaming of imaginary riches.
You take 2 damage, and have 93/95 hp.
The orc shouts!
You hit the six-headed hydra.
The six-headed hydra is lightly wounded.
The orc is no longer distracted by gold.
The six-headed hydra bites you!
You block the six-headed hydra's attack.
The six-headed hydra bites you.
The six-headed hydra bites you but does no damage.
The six-headed hydra completely misses you.
The six-headed hydra barely misses you.
You take 17 damage, and have 76/95 hp.
You punch the six-headed hydra!
The six-headed hydra is moderately wounded.
You block the six-headed hydra's attack. x4
The six-headed hydra bites you but does no damage.
The six-headed hydra bites you.
You take 2 damage, and have 74/95 hp.
You punch the six-headed hydra!
The six-headed hydra is heavily wounded.
You block the six-headed hydra's attack. x2
The six-headed hydra bites you! The six-headed hydra bites you.
The six-headed hydra bites you!
You block the six-headed hydra's attack.
You take 29 damage, and have 45/95 hp.
MASSIVE DAMAGE!!
You are too injured to fight recklessly!
You are too injured to fight recklessly!
You are too injured to fight recklessly!
You are too injured to fight recklessly!
You are too injured to fight recklessly!
You are too injured to fight recklessly!
You are too injured to fight recklessly!
You are too injured to fight recklessly!
You are too injured to fight recklessly!
You are too injured to fight recklessly!
You are too injured to fight recklessly!
You are too injured to fight recklessly!
You are too injured to fight recklessly!
You are too injured to fight recklessly!
You are too injured to fight recklessly!
You are too injured to fight recklessly!
You are too injured to fight recklessly!
You are too injured to fight recklessly!
You are too injured to fight recklessly!
You hit the six-headed hydra but do no damage.
The six-headed hydra is heavily wounded.
The six-headed hydra bites you but does no damage.
You block the six-headed hydra's attack. x4
The six-headed hydra bites you!
* * * LOW HITPOINT WARNING * * *
You take 8 damage, and have 37/95 hp.
You hit the six-headed hydra.
The six-headed hydra is heavily wounded.
The six-headed hydra bites you but does no damage.
The six-headed hydra bites you.
* * * LOW HITPOINT WARNING * * *
The six-headed hydra bites you but does no damage.
You block the six-headed hydra's attack.
The six-headed hydra bites you!
* * * LOW HITPOINT WARNING * * *
The six-headed hydra bites you.
* * * LOW HITPOINT WARNING * * *
You take 18 damage, and have 19/95 hp.
You punch the six-headed hydra!
The six-headed hydra is severely wounded.
The orc becomes distracted by the nearby gold, dreaming of imaginary riches.
You block the six-headed hydra's attack.
The six-headed hydra barely misses you. The six-headed hydra bites you.
* * * LOW HITPOINT WARNING * * *
The six-headed hydra bites you but does no damage.
The six-headed hydra bites you.
* * * LOW HITPOINT WARNING * * *
You block the six-headed hydra's attack.
You take 8 damage, and have 11/95 hp.
Items here: $ ))) [[.
Evoke which item? (* to show all) (? for menu, Esc to quit)
Aiming: Paralyse
Press: ? - help, Shift-Dir - straight line, f - six-headed hydra
Aim: a six-headed hydra (severely wounded, chance to affect: 26%)
The six-headed hydra easily resists.
The orc shouts!
The six-headed hydra bites you!
You die...
Your body crumbles into a pile of gold. ████

█..█ █..█ █..█
█..█████████████
█.........@Doo.█ ▓
█...█████████..█▓▓▓▓▓▓▓▓▓▓▓
█.<.█·······▓.....·········
█...█········.......·······
█...█······≈≈≈≈≈....·······
█...█·····▓▓▓██≈....·······
█...█········∩▓≈....·······
█...█▓··≈·····▓≈.███▓▲▓▓▓▓>
█....▓···▓≈···▓≈·········▓·


You could see a six-headed hydra and 2 orcs.

Vanquished Creatures
  A two-headed ogre (D:10)
  Pikel (D:7)
  A centaur zombie (D:10)
  A wyvern (D:9)
  Eustachio (D:4)
  A steam dragon (D:10)
  Menkaure (D:5)
  2 water moccasins
  11 orc warriors
  A sky beast (D:10)
  3 phantoms
  6 ice beasts
  A black bear (D:7)
  3 ogres
  7 centaurs
  A lemure (D:7)
  A big kobold (D:10)
  2 bullfrogs
  A water moccasin zombie (D:10)
  4 scorpions
  4 wights
  5 killer bees (D:10)
  4 howler monkeys
  3 jellies
  A bullfrog zombie (D:5)
  6 hounds
  2 quasits (D:7)
  A centaur skeleton (D:4)
  14 orc priests
  A bullfrog skeleton (D:8)
  14 orc wizards
  4 iguanas
  Ijyb (D:3)
  6 worker ants
  3 hound zombies
  4 hound skeletons
  A worker ant zombie (D:5)
  Robin (D:3)
  7 gnolls
  2 howler monkey skeletons
  7 adders
  2 shadow imps
  4 white imps
  2 ufetubi (D:8)
  3 oozes
  An adder zombie (D:6)
  2 adder skeletons
  3 worms
  2 dart slugs (D:1)
  7 leopard geckos
  75 orcs
  7 giant cockroaches
  8 goblins
  13 hobgoblins
  6 jackals
  4 quokkas
  3 ball pythons
  9 bats
  7 frilled lizards
  A jackal skeleton (D:7)
  12 kobolds
  A leopard gecko skeleton (D:7)
  A quokka skeleton (D:10)
  8 rats
  A butterfly (D:7)
323 creatures vanquished.

Notes
Turn   | Place    | Note
-------+----------+-------------------------------------------
     0 | D:1      | Goblin1989 the Ghoul Fighter began the quest for the Orb.
     0 | D:1      | Reached XP level 1. HP: 19/19 MP: 0/0
   122 | D:1      | Reached XP level 2. HP: 26/26 MP: 1/1
   340 | D:1      | Reached XP level 3. HP: 31/31 MP: 2/2
   552 | D:1      | Reached skill level 3 in Unarmed Combat
   849 | D:2      | Found a burning altar of Makhleb.
   852 | D:2      | Found a sacrificial altar of Ru.
   855 | D:2      | Found a broken altar of Ashenzari.
   858 | D:2      | Found an opulent altar of Gozag.
   863 | D:2      | Became a worshipper of Gozag Ym Sagoz the Greedy
   911 | D:2      | Found a faded altar of an unknown god.
  1132 | D:2      | Reached XP level 4. HP: 29/40 MP: 3/3
  1427 | D:3      | Noticed Robin
  1492 | D:3      | Killed Robin
  1890 | D:3      | Reached XP level 5. HP: 46/46 MP: 4/4
  1909 | D:3      | Noticed Ijyb
  1930 | D:3      | Killed Ijyb
  2040 | D:3      | Reached skill level 4 in Unarmed Combat
  2362 | D:3      | Found a basalt altar of Yredelemnul.
  2372 | D:3      | Found a shimmering altar of Xom.
  2538 | D:4      | Reached XP level 6. HP: 41/53 MP: 5/5
  2590 | D:4      | Noticed Eustachio
  2631 | D:4      | Killed Eustachio
  2632 | D:4      | Reached skill level 5 in Unarmed Combat
  2970 | D:4      | Found Tatemoha's Assorted Antiques.
  2974 | D:4      | Bought a scroll labelled YNYGAM JAOCYPN for 22 gold pieces
  2974 | D:4      | Bought a scroll labelled AMAORI SIODUAMMO for 22 gold
                  | pieces
  2974 | D:4      | Bought a scroll labelled JIPTIS INUCOTH for 22 gold pieces
  2974 | D:4      | Bought a scroll labelled YNYGAM JAOCYPN for 22 gold pieces
  2974 | D:4      | Bought a scroll labelled YNYGAM JAOCYPN for 22 gold pieces
  2974 | D:4      | Bought a scroll labelled JIPTIS INUCOTH for 22 gold pieces
  2996 | D:4      | Found an ancient bone altar of Kikubaaqudgha.
  3013 | D:4      | Reached XP level 7. HP: 43/60 MP: 6/6
  3828 | D:5      | Entered Level 5 of the Dungeon
  3879 | D:5      | Reached skill level 5 in Fighting
  3879 | D:5      | Reached skill level 6 in Unarmed Combat
  4075 | D:5      | Found a radiant altar of Vehumet.
  4298 | D:5      | Reached XP level 8. HP: 25/68 MP: 7/7
  4542 | D:5      | Found a bloodstained altar of Trog.
  4550 | D:5      | Found a shimmering altar of Xom.
  4554 | D:5      | Found a shimmering altar of Xom.
  4554 | D:5      | Found a shimmering altar of Xom.
  4554 | D:5      | Found a shimmering altar of Xom.
  4555 | D:5      | Found a shimmering altar of Xom.
  4558 | D:5      | Found a shimmering altar of Xom.
  4558 | D:5      | Found a shimmering altar of Xom.
  5020 | D:5      | Noticed Menkaure
  5028 | D:5      | Killed Menkaure
  5109 | D:5      | You fall into a shaft and drop 1 floor!
  5135 | D:6      | Got a shimmering tower shield
  5145 | D:6      | Got a heavily runed ring mail
  5156 | D:6      | Identified the +0 tower shield "Kaecig" {-Cast +Inv rPois}
                  | (You found it on level 6 of the Dungeon)
  5224 | D:6      | Reached skill level 7 in Unarmed Combat
  5641 | D:6      | Reached skill level 5 in Armour
  5641 | D:6      | Reached skill level 5 in Shields
  5641 | D:6      | Reached skill level 1 in Evocations
  5857 | D:6      | Found a glowing silver altar of Zin.
  5970 | D:6      | Reached XP level 9. HP: 73/75 MP: 8/8
  6099 | D:7      | Reached skill level 8 in Unarmed Combat
  6254 | D:7      | Noticed Pikel
  6285 | D:7      | Killed Pikel
  6500 | D:7      | Found a staircase to the Ecumenical Temple.
  6573 | D:7      | Found an iron altar of Okawaru.
  6612 | D:7      | Reached skill level 9 in Unarmed Combat
  7358 | D:7      | Found a hazy altar of Hepliaklqana.
  7486 | D:7      | Found a runed translucent door.
  7487 | D:7      | Noticed Arzdou's ghost (novice HOFi)
  7759 | D:8      | Reached XP level 10. HP: 67/86 MP: 9/9
  7907 | D:8      | Reached skill level 1 in Throwing
  8937 | D:9      | Found a glowing golden altar of the Shining One.
  9149 | D:9      | Reached skill level 10 in Unarmed Combat
  9300 | D:9      | Found a shimmering blue altar of Sif Muna.
  9769 | D:9      | Found a staircase to the Orcish Mines.
  9878 | D:10     | Entered Level 10 of the Dungeon
 10011 | D:10     | Noticed a two-headed ogre
 10030 | D:10     | Killed a two-headed ogre
 10352 | D:10     | Reached XP level 11. HP: 43/94 MP: 10/10
 10726 | D:10     | Found a roughly hewn altar of Beogh.
 11260 | D:10     | Reached skill level 11 in Unarmed Combat
 11470 | D:11     | Noticed a death yak
 11470 | D:11     | Noticed a death yak
 11525 | D:11     | Noticed a six-headed hydra
 11547 | D:11     | Slain by a six-headed hydra

Illustrated notes

Levels and vault maps discovered:
D:1:      erik_arrival_orb_chamber, layout_loops_ring
D:2:      layout_rooms, grunt_temple_overflow_cloverleaf,
          chequers_ecumenical_altar_simple_redux
D:3:      layout_basic, amethyst_overflow_temple_binary, uniq_ijyb, uniq_robin
D:4:      layout_loops_cross, old_standard_altar, serial_shops,
          nicolae_shop_trees, uniq_eustachio
D:5:      layout_gridville, vehumet_altar_wand_db, lightli_temple_of_fire,
          nicolae_xom_altar_mimics, uniq_menkaure
D:6:      minmay_inner_zag, layout_basic, kennysheep_mini
D:7:      layout_loops_ring, nzn_hepliaklqana_mist_gate,
          minmay_temple_entry_butterflies, ebering_ghost_reflecting_pool,
          minmay_misc_feat_doors, okawaru_trees_1, uniq_pikel
D:8:      layout_cave_pods
D:9:      layout_long_grid, led_sif_pool, kennysheep_little_box, david_orc_4
D:10:     layout_basic, special_room [special_room_orc]
D:11:     regret_index_harrowing_hell_hive, layout_irregular_city,
          dpeg_lair_monsters, serial_ice, serial_ice_k, serial_ice_a,
          serial_ice_g, serial_ice_m, portal_ice_cave_rime, uniq_erolcha

Skill      XL: |  1  2  3  4  5  6  7  8  9 10 11 |
---------------+----------------------------------+-----
Unarmed Combat | 3 4 5 6 7 9 10 11 | 11.0
Armour         | 3 4 5 6 7 |  7.0
Shields        | 3 4 5 6 7 |  7.0
Fighting       | 4 5 6 7 8 |  8.3
Evocations     | 1 3 4 |  4.7
Throwing       | 3 |  3.5

Action                   |  1- 3 |  4- 6 |  7- 9 | 10-12 || total
-------------------------+-------+-------+-------+-------++-------
Melee: Unarmed           |   143 |   214 |   520 |   518 ||  1395
Throw: Boomerang         |       |       |     6 |       ||     6
Evoke: Wand              |       |       |       |     9 ||     9
  Use: Scroll            |       |     6 |       |    12 ||    18
 Stab: Distracted        |       |     1 |     3 |     3 ||     7
       Paralysed         |       |       |       |     2 ||     2
Armor: Scale mail        |    57 |    85 |   166 |   151 ||   459
Dodge: Dodged            |    39 |    63 |    99 |    71 ||   272
Block: Kite shield       |    70 |   100 |    73 |       ||   243
       Tower shield      |       |       |   225 |   376 ||   601
